 Dungeon Crawl Stone Soup version 0.17-a0-1753-g75d4604 (webtiles) character file.

102 poirepourri the Vandal (level 5, -1/34 HPs)
             Began as a Halfling Hunter on Sept 2, 2015.
             Slain by an orc wizard
             ... wielding a +0 dagger
              (3 damage)
             ... on level 3 of the Dungeon.
             The game lasted 00:02:38 (2132 turns).

poirepourri the Vandal (Halfling Hunter)            Turns: 2132, Time: 00:02:39

Health: -1/34      AC:  6    Str: 12    XL:     5   Next: 5%
Magic:  5/5        EV: 14    Int: 10    God:
Gold:   57         SH:  4    Dex: 16    Spells: 0 memorised, 4 levels left

rFire  . . .     SeeInvis .     a - +2 hunting sling
rCold  . . .     Clarity  .     d - +0 leather armour
rNeg   . . .     SustAt   .     h - +0 buckler
rPois  .         Gourm    .     (no helmet)
rElec  .         Spirit   .     n - +1 cloak
rCorr  .         Warding  .     (no gloves)
rMut   .         Stasis   .     j - +0 pair of boots
MR     .....                    (no amulet)
Stlth  ++........               (no ring)
                                (no ring)

@: slowed, very slow, not resistant to hostile enchantments, unstealthy
A: mutation resistance 1
a: no special abilities


You were on level 3 of the Dungeon.
You were not hungry.

You visited 1 branch of the dungeon, and saw 3 of its levels.

You collected 57 gold pieces.

Inventory:

Hand weapons
 a - a +2 hunting sling (weapon)
 c - a +0 short sword
Missiles
 g - 54 stones (quivered)
Armour
 d - a +0 leather armour (worn)
 h - a +0 buckler (worn)
 j - a +0 pair of boots (worn)
 n - a +1 cloak (worn)
Magical devices
 k - a wand of slowing (20)
Scrolls
 f - 2 scrolls of identify
 o - a scroll of remove curse
Potions
 l - 2 potions of cancellation
 p - a potion of curing
Comestibles
 i - a royal jelly


   Skills:
 + Level 1.9 Fighting
 + Level 7.9 Slings
 + Level 1.3 Armour
 + Level 2.6 Dodging
 + Level 1.3 Stealth


You had 4 spell levels left.
You didn't know any spells.

Dungeon Overview and Level Annotations

Branches:
Dungeon (3/15)

Altars:
Ru


Innate Abilities, Weirdness & Mutations

You are small and have problems with some larger weapons.
You are somewhat resistant to further mutation.


Message History

Press: ? - help, Shift-Dir - straight line, f/p - orc wizard
Aim: an orc wizard, wielding a dagger and wearing a robe (lightly wounded)
You shoot a stone. The stone hits the orc wizard!
The orc wizard is heavily wounded.
Firing (i - inventory):
g - 56 stones (quivered)
Press: ? - help, Shift-Dir - straight line, f/p - orc wizard
Aim: an orc wizard, wielding a dagger and wearing a robe (heavily wounded)
You shoot a stone. The stone hits the orc wizard.
The orc wizard is severely wounded.
You block the orc wizard's attack. The orc wizard closely misses you.
Firing (i - inventory):
g - 55 stones (quivered)
Press: ? - help, Shift-Dir - straight line, f/p - orc wizard
Aim: an orc wizard, wielding a dagger and wearing a robe (severely wounded)
You shoot a stone. The stone hits the orc wizard.
The orc wizard is almost dead.
The orc priest calls down the wrath of Beogh upon you.
Something smites you!
* * * LOW HITPOINT WARNING * * *
The orc wizard hits you with a dagger.
You die...

#(. .(. # ..
#. (. .. #o
#.#( ###
#.)####.....
#oo@...#
######.#


You could see an orc priest and an orc wizard.

Vanquished Creatures
  Crazy Yiuf (D:2)
  2 adders (D:2)
  An ooze (D:2)
  4 giant geckos
  3 orcs (D:3)
  2 ball pythons (D:2)
  3 giant cockroaches (D:1)
  3 goblins
  6 hobgoblins
  4 jackals (D:2)
  A quokka (D:3)
  7 bats
  A giant newt (D:2)
  A kobold (D:1)
  8 rats
47 creatures vanquished.

Notes
Turn   | Place    | Note
--------------------------------------------------------------
     0 | D:1      | poirepourri the Halfling Hunter began the quest for the Orb.
     0 | D:1      | Reached XP level 1. HP: 14/14 MP: 1/1
    35 | D:1      | Reached skill level 6 in Slings
   334 | D:1      | Reached XP level 2. HP: 19/19 MP: 2/2
   912 | D:2      | Reached XP level 3. HP: 24/24 MP: 3/3
   935 | D:2      | Found a sacrificial altar of Ru.
   941 | D:2      | Reached skill level 7 in Slings
  1244 | D:2      | Reached XP level 4. HP: 29/29 MP: 4/4
  1613 | D:2      | Reached skill level 1 in Armour
  1729 | D:2      | Noticed Crazy Yiuf
  1736 | D:2      | Killed Crazy Yiuf
  2122 | D:3      | Reached XP level 5. HP: 34/34 MP: 5/5
  2132 | D:3      | Slain by an orc wizard

Vault maps used:
D:1:      minmay_arrival_stair_chambers
D:2:      kennysheep_nondescript, nicolae_ru_sacrificial_ziggurat,
          uniq_crazy_yiuf_cottage
D:3:      uniq_grinder

Action                   |  1- 3 |  4- 6 || total
-------------------------+-------+-------++-------
 Fire: Hunting sling     |    82 |    43 ||   125
  Use: Scroll            |     7 |     3 ||    10
       Potion            |     1 |       ||     1
  Eat: Bread ration      |     1 |       ||     1
